 Dungeon Crawl Stone Soup version 0.31-a0-700-gf13585253f (webtiles) character file.

Game seed: 12354288568002060638

9759 avis the Nimble (level 11, -3/53 HPs)
             Began as a Felid Shapeshifter on Sept 8, 2023.
             Was an Initiate of Gozag.
             Killed by the air
             ... invoked by a wind drake
              (11 damage)
             ... on level 2 of the Lair of Beasts.
             The game lasted 01:13:49 (10918 turns).

avis the Nimble (Felid Shapeshifter)               Turns: 10918, Time: 01:13:49

Health: -3/53      AC:  2    Str: 18    XL:     11   Next: 27%
Magic:  12/12      EV: 30    Int: 17    God:    Gozag
Gold:   854        SH:  5    Dex: 17    Spells: 10/10 levels left
                                        Lives:  0   Deaths: 4

rFire   . .          .
                       - Unarmed
rCold   x . .        (shield unavailable)
rNeg    . . .        (body armour unavailable)
rPois   +            (helmet unavailable)
rElec   .            (cloak unavailable)
rCorr   .            (gloves unavailable)
SInv    +            (boots unavailable)
Will    +....        B - amulet "Miekann" {Reflect rPois rC- Int+4 SH+5}
Stlth   +            e - +5 ring of evasion
HPRegen 0.28/turn    j - +6 ring of strength
MPRegen 0.13/turn

%: reflection
@: flux-form, glowing, quick
A: glow, contaminating, very small, claws 1, fangs 3, see invisible, speed 1,
shaggy fur 2, stealthy paws, no weapons or thrown items, no armour, multi-lived
a: Begin Untransformation, Renounce Religion, Potion Petition, Call Merchant,
Bribe Branch


You were on level 2 of the Lair of Beasts.
You worshipped Gozag.
Gozag was pleased with you.
You were something dangerously unstable.
You visited 3 branches of the dungeon, and saw 11 of its levels.

You collected 1525 gold pieces.
You spent 511 gold pieces at shops.
You paid 160 gold pieces to Gozag.

Inventory:

Jewellery
 e - a +5 ring of evasion (left paw)
 j - a +6 ring of strength (right paw)
 m - a ring of willpower
 B - the amulet "Miekann" (around neck) {Reflect rPois rC- Int+4 SH+5}
   (You bought it in a shop on level 5 of the Dungeon)

   [amulet of reflection]

   Reflect:   It reflects blocked missile attacks.
   Int+4:     It affects your intelligence (+4).
   rC-:       It makes you vulnerable to cold.
   rPois:     It protects you from poison SH+5: It affects your SH (+5).
 D - an amulet of regeneration
 G - a ring of protection from fire
Talismans
 f - a flux talisman (active)
 l - a blade talisman
Wands
 a - a wand of mindburst (5)
 t - a wand of roots (1)
Scrolls
 b - a scroll of poison {unknown}
 d - 3 scrolls of revelation {unknown}
 k - 2 scrolls of amnesia {unknown}
 n - a scroll of acquirement {unknown}
 o - 2 scrolls of fear {unknown}
 p - a scroll of immolation {unknown}
 r - 3 scrolls of vulnerability {unknown}
 s - 3 scrolls of enchant armour {unknown}
 u - 3 scrolls of blinking
 y - 3 scrolls of brand weapon {unknown}
 A - a scroll of noise {unknown}
 E - a scroll of enchant weapon {unknown}
Potions
 c - 2 potions of curing
 g - 2 potions of cancellation
 h - a potion of magic {unknown}
 q - 2 potions of might
 v - a potion of degeneration {unknown}
 w - 2 potions of haste {unknown}
 x - a potion of enlightenment {unknown}
 C - 2 potions of heal wounds
 F - a potion of berserk rage {unknown}
 H - a potion of resistance {unknown}


   Skills:
 - Level 9.0 Fighting
 - Level 12.0 Dodging
 - Level 3.0 Stealth
 * Level 4.5 Unarmed Combat
 - Level 3.0 Evocations
 - Level 12.0 Shapeshifting


You had 10 spell levels left.
You didn't know any spells.
Your spell library contained the following spells:

 Spells                   Type           Power      Damage    Failure   Level
 Apportation              Tloc           0%         N/A       24%         1
 Necrotise                Necr           0%         1d4       24%         1
 Summon Small Mammal      Summ           0%         N/A       24%         1
 Vhi's Electric Charge    Tloc/Air       0%         N/A       93%         4
 Arcjolt                  Conj/Air       0%         1d10      100%        5
 Maxwell's Capacitive Co  Air            0%         ∞         100%        8


Dungeon Overview and Level Annotations

Branches:
Dungeon (8/15)             Temple (1/1) D:7            Lair (2/5) D:8
 Shoals (0/4) Lair:2        Snake (0/4) Lair:2

Altars:
Cheibriados
Dithmenos
Elyvilon
Fedhas
Gozag
Hepliaklqana
Kikubaaqudgha
Nemelex Xobeh
Okawaru
Qazlal
Ru
Trog
Uskayaw
Vehumet
Wu Jian
Xom
Yredelemnul
The Shining One

Shops:
D:5 ([=

Annotations:
D:5 3 runed translucent doors, PailKail's ghost, amateur DrEE
D:6 2 runed translucent doors, exclusion: door, Crazy Yiuf; Lysca's ghost, novice DECj


Innate Abilities, Weirdness & Mutations

You are something dangerously unstable.
You glow with magical radiation, making you easy to see and hit.
Foes you strike become dangerously contaminated with magical radiation.
You have sharp claws.
You have razor-sharp teeth.
You have supernaturally acute eyesight. (SInv)
You cover ground quickly. (Speed+)
You are covered in thick fur. (AC +2)
Your paws help you pounce on unaware monsters.
You are incapable of wielding weapons or throwing items.
You cannot wear armour.
You gain extra lives every three experience levels.


Message History

The elephant closely misses you. The elephant completely misses you.
You scratch the elephant.
The elephant begins to glow.
The elephant is almost dead.
The elephant closely misses you.
The elephant trunk-slaps you but does no damage.
You claw the elephant!
You kill the elephant!
You now have 854 gold pieces (gained 16).
There is a stone staircase leading down, spattered with blood here.
You climb downwards.
The elephant completely misses you. The elephant closely misses you.
The elephant completely misses you. x2
You block the elephant's attack. The elephant completely misses you.
The elephant tramples you!
You stumble backwards!
The elephant trumpets!
You hear a bellow!
The elephant attacks as it pursues you! You block the elephant's attack.
The elephant completely misses you.
You hear a bellow!
The elephant misses you. The elephant trunk-slaps you.
The elephant is distracted by your dazzling golden aura.
The wind drake hisses angrily.
There is an escape hatch in the ceiling here.
The wind drake flaps its wings at you. The air twists around and strikes you!
The wind drake exhales a fierce blast of wind!
You stop ascending the stairs.
You are knocked back by the gust of wind.
The elephant misses you. The elephant completely misses you.
Found a maw talisman.
Found a wand of roots (5).
Found a wand of mindburst (4).
The wind drake flaps its wings at you. The air twists around and strikes you!
The wind drake flaps its wings at you. The air twists around and strikes you!
* * * LOW HITPOINT WARNING * * *
There is a stone staircase leading up here.
The wind drake flaps its wings at you. The air twists around and strikes you!
You die...
Your body crumbles into a pile of gold.

# #. ##......
##....#.#.########.P#.##
#..........P##.P#..####
#...................#
#....P..##.........# #
#.................#####
#....P...#.............
#.......##.Y...........
#.....B...Y............
#..P#######.P.k.........
# ##...P..##....
##..P........
#P..#........
/.............
../......(....<
....%.#........
......P........


You could see 2 elephants and a wind drake (repels missiles).

Vanquished Creatures
  A hydra (Lair:2)
  2 elephants (Lair:1)
  2 black mambas
  2 cane toads (Lair:1)
  3 komodo dragons (Lair:1)
  A polar bear (Lair:1)
  Sigmund (D:2)
  A basilisk (Lair:1)
  4 yaks (Lair:1)
  Eustachio (D:6)
  Menkaure (D:7)
  10 water moccasins
  2 sky beasts
  6 black bears
  An orc warrior (D:7)
  2 ice beasts
  A centaur (D:6)
  4 phantoms
  A kobold brigand (D:7)
  11 bullfrogs
  A gnoll sergeant (D:4)
  7 scorpions
  4 wights (D:7)
  5 howler monkeys (D:7)
  2 hounds
  A jelly (D:7)
  A gnoll bouda (D:7)
  5 orc priests
  4 iguanas
  3 sleepcaps
  Jessica (D:3)
  12 orc wizards
  Robin (D:3)
  4 gnolls (D:4)
  9 adders
  2 shadow imps (D:6)
  2 ufetubi
  An adder zombie (D:2)
  An adder skeleton (D:2)
  8 worms
  2 dart slugs
  28 orcs
  7 ball pythons
  8 endoplasms
  3 giant cockroaches
  11 goblins
  6 hobgoblins
  3 jackals (D:1)
  3 quokkas
  A ball python skeleton (D:2)
  3 ball python zombies (D:2)
  3 bats
  4 frilled lizards
  7 kobolds
  2 rats
222 creatures vanquished.

Vanquished Creatures (others)
  A water moccasin (Lair:2)
  A goblin (D:3)
2 creatures vanquished.

Grand Total: 224 creatures vanquished

Notes
Turn   | Place    | Note
-------+----------+-------------------------------------------
     0 | D:1      | avis the Felid Shapeshifter began the quest for the Orb.
     0 | D:1      | Reached XP level 1. HP: 9/9 MP: 2/2
   208 | D:1      | Reached XP level 2. HP: 7/13 MP: 3/3
   632 | D:2      | Noticed Sigmund
   717 | D:1      | Reached skill level 1 in Stealth
   717 | D:1      | Reached XP level 3. HP: 15/16 MP: 4/4
   793 | D:2      | Killed Sigmund
   794 | D:2      | Reached skill level 5 in Shapeshifting
   794 | D:2      | Reached XP level 4. HP: 4/21 MP: 5/5
   794 | D:2      | Reached XP level 5. HP: 4/24 MP: 6/6
  1226 | D:3      | Noticed Robin
  1424 | D:3      | Killed Robin
  1430 | D:3      | Gained mutation: You are covered in thick fur. (AC +2)
                  | [Felid growth]
  1430 | D:3      | Reached XP level 6. HP: 13/28 MP: 7/7
  1519 | D:3      | Reached skill level 5 in Dodging
  1583 | D:3      | Noticed Jessica
  1606 | D:3      | Noticed a sky beast
  1838 | D:3      | Killed Jessica
  1947 | D:3      | Killed a sky beast
  2138 | D:2      | Slain by a hound
  2156 | D:2      | Reached XP level 7. HP: 12/31 MP: 8/8
  2339 | D:3      | Found a faded altar of an unknown god.
  2467 | D:4      | Found an opulent altar of Gozag.
  2486 | D:3      | Reached skill level 5 in Fighting
  2518 | D:4      | Became a worshipper of Gozag Ym Sagoz the Greedy
  3439 | D:5      | Entered Level 5 of the Dungeon
  3590 | D:4      | Reached XP level 8. HP: 37/37 MP: 9/9
  3986 | D:5      | Found Tucsysog's Weapon Emporium.
  4050 | D:5      | Noticed PailKail's ghost (amateur DrEE)
  4059 | D:5      | Found a runed translucent gate.
  4059 | D:5      | Found a runed translucent gate.
  4062 | D:5      | Found a runed translucent gate.
  4138 | D:5      | Found Gilud's Jewellery Boutique.
  4258 | D:5      | Reached skill level 1 in Evocations
  4296 | D:5      | Found Ymeih's Antique Armour Boutique.
  5001 | D:6      | Reached XP level 9. HP: 35/41 MP: 10/10
  5191 | D:5      | Bought the amulet "Miekann" {Reflect rPois rC- Int+4 SH+5}
                  | for 511 gold pieces
  5364 | D:6      | Found a stormy altar of Qazlal.
  5388 | D:6      | Noticed Eustachio
  5402 | D:6      | Killed Eustachio
  5438 | D:6      | Found a blossoming altar of Fedhas.
  5438 | D:6      | Found a glowing golden altar of the Shining One.
  5765 | D:6      | Found a runed translucent door.
  5766 | D:6      | Noticed Crazy Yiuf
  5819 | D:6      | Found a runed translucent door.
  5819 | D:6      | Noticed Lysca's ghost (novice DECj)
  6053 | D:7      | Noticed Menkaure
  6121 | D:7      | Killed Menkaure
  6618 | D:7      | Reached skill level 10 in Dodging
  6893 | D:7      | Found a staircase to the Ecumenical Temple.
  6904 | Temple   | Entered the Ecumenical Temple
  7123 | D:7      | Found a hazy altar of Hepliaklqana.
  7573 | D:7      | Reached XP level 10. HP: 42/48 MP: 11/11
  7993 | D:8      | Found a staircase to the Lair.
  8258 | D:8      | Identified the +6 falchion of Radicalism {chaos, Fly rN++
                  | MP+9 Dex-3}
  8689 | Lair:1   | Entered Level 1 of the Lair of Beasts
  8736 | Lair:1   | Noticed a black mamba
  8756 | Lair:1   | Killed a black mamba
  8777 | Lair:1   | Identified the +0 helmet of Morriut {rC+ rCorr Int+2
                  | Slay+5}
  8840 | Lair:1   | Reached skill level 10 in Shapeshifting
  9403 | Lair:1   | Noticed a cane toad
  9431 | Lair:1   | Killed a cane toad
  9611 | Lair:1   | Mangled by a komodo dragon
 10061 | Lair:2   | Found a staircase to the Snake Pit.
 10087 | Lair:2   | Reached XP level 11. HP: 52/52 MP: 12/12
 10232 | Lair:2   | Killed from afar by a wind drake
 10265 | Lair:2   | Noticed a five-headed hydra
 10280 | Lair:2   | Killed a five-headed hydra
 10288 | Lair:2   | Killed from afar by a wind drake
 10628 | Lair:2   | Found a staircase to the Shoals.
 10918 | Lair:2   | Killed from afar by a wind drake

Illustrated notes

Levels and vault maps discovered:
D:1:      dpeg_arrival_tiny_g, layout_loops_cross
D:2:      layout_rooms, serial_undead, serial_undead_d, serial_undead_c,
          serial_undead_a, serial_undead_a, uniq_sigmund
D:3:      layout_basic, chequers_ecumenical_altar_grove, uniq_jessica,
          uniq_robin
D:4:      layout_basic, nicolae_gozag_cash_rules_everything_around_me,
          minmay_liquid_box, nicolae_wormholes
D:5:      layout_basic, gammafunk_ghost_split, serial_shops,
          nicolae_inconvenience_store, nicolae_shop_stone, shop,
          kennysheep_generic_room_16
D:6:      layout_loops_ring, nicolae_qazlal_general_emergency,
          grunt_temple_overflow_open, gammafunk_ghost_grave, uniq_eustachio,
          uniq_crazy_yiuf_cottage
D:7:      layout_basic, worldfamousw_hep_ancestral_shrine,
          minmay_temple_entry_glassed_door, minmay_between, uniq_menkaure
D:8:      layout_basic, due_lair_maze_entry_diamond
Temple:   hellmonk_temple_forest_ring
Lair:1:   wander_river, layout_chaotic_city, lemuel_fruit_tree
Lair:2:   layout_chaotic_city, minmay_shoals_entry_beasts,
          minmay_snake_entry_six_corridors

Skill      XL: |  1  2  3  4  5  6  7  8  9 10 11 |
---------------+----------------------------------+-----
Fighting       | 2 3 5 6 8 9 |  9.0
Dodging        | 3 4 6 8 9 11 12 | 12.0
Stealth        | 1 2 3 |  3.0
Shapeshifting  | 5 8 9 12 | 12.0
Evocations     | 1 2 3 |  3.0
Unarmed Combat | 4 |  4.5

Action                     |  1- 3 |  4- 6 |  7- 9 | 10-12 || total
---------------------------+-------+-------+-------+-------++-------
  Melee: Unarmed           |    59 |   114 |   494 |   249 ||   916
         Bite              |     5 |    18 |    65 |    39 ||   127
         Punch             |     2 |     3 |     6 |       ||    11
 Invoke: Potion Petition   |       |       |       |     1 ||     1
  Evoke: Wand              |       |       |       |     8 ||     8
    Use: Potion            |       |     1 |     1 |       ||     2
         Scroll            |       |       |     1 |     4 ||     5
   Stab: Sleeping          |     1 |     2 |     7 |       ||    10
 Armour: Skin              |    13 |    31 |    85 |    69 ||   198
  Dodge: Dodged            |    42 |   132 |   420 |   280 ||   874
  Block: Other             |       |       |    66 |    54 ||   120
         Reflection        |       |       |     2 |       ||     2
   Form: Flux              |       |       |     2 |     1 ||     3
         Beast             |       |       |     1 |       ||     1
         Blade             |       |       |       |     1 ||     1

Table legend: (Time is in decaauts)
 A = Elapsed time spent in this place.
 B = Non-inter-level travel time spent in this place.
 C = Inter-level travel time spent in this place.
 D = Time resting spent in this place.
 E = Time spent auto-exploring this place.
 F = Levels seen in this place.
 G = Mean time per level.
                   A        B        C        D        E       F      G
               +--------+--------+--------+--------+--------+-----+--------+
         Total |   9442 |   8667 |    775 |   1846 |   3279 |  11 |  858.4 |
       Dungeon |   7577 |   6898 |    679 |   1411 |   2921 |   8 |  947.1 |
        Temple |      2 |      2 |      0 |      0 |      0 |   1 |    2.0 |
          Lair |   1862 |   1766 |     96 |    435 |    357 |   2 |  931.0 |
               +--------+--------+--------+--------+--------+-----+--------+

Top non-repeatable levels by time:
     D:7: 1467 daAuts
  Lair:1: 1237 daAuts
     D:4: 1082 daAuts
     D:5: 983 daAuts
     D:6: 900 daAuts
     D:2: 891 daAuts
     D:8: 888 daAuts
     D:3: 791 daAuts
  Lair:2: 625 daAuts
     D:1: 572 daAuts
  Temple: 2 daAuts
